 Dungeon Crawl Stone Soup version 0.20.1-1-g8b1a95d (console) character file.

142 Kloppie the Ducker (level 5, 0/42 HPs)
             Began as a Merfolk Fighter on July 30, 2017.
             Killed from afar by an orc wizard (7 damage)
             ... with a puff of flame
             ... on level 3 of the Dungeon.
             The game lasted 00:03:18 (1615 turns).

Kloppie the Ducker (Merfolk Fighter)                Turns: 1615, Time: 00:03:18

Health: 0/42       AC:  6    Str: 21    XL:     5   Next: 24%
Magic:  5/5        EV: 12    Int:  8    God:
Gold:   109        SH:  0    Dex: 14    Spells: 4/4 levels left

rFire    . . .     SeeInvis .   a - +0 long sword
rCold    . . .     Gourm    .   (no shield)
rNeg     . . .     Faith    .   b - +0 scale mail
rPois    .         Spirit   .   (no helmet)
rElec    .         Reflect  .   (no cloak)
rCorr    .         Harm     .   (no gloves)
MR       .....                  (no boots)
Stlth    ..........             (no amulet)
Regen    0.2/turn               (no ring)
MPRegen  0.1/turn               (no ring)

@: mighty
A: change form in water, swift swim, stealthy swim
a: no special abilities


You were on level 3 of the Dungeon.
You were not hungry.

You visited 1 branch of the dungeon, and saw 3 of its levels.

You collected 109 gold pieces.

Inventory:

Hand Weapons
 a - a +0 long sword (weapon)
Armour
 b - a +0 scale mail (worn)
 c - a +0 shield
 l - a +0 pair of gloves
Scrolls
 e - 4 scrolls of teleportation {unknown}
 k - a scroll of magic mapping {unknown}
 m - a scroll of random uselessness {unknown}
 p - 5 scrolls of identify {unknown}
 q - 2 scrolls of immolation {unknown}
 r - a scroll of fog {unknown}
 s - a scroll of remove curse {unknown}
 t - a scroll of enchant weapon {unknown}
 u - a scroll of fear {unknown}
Potions
 g - a potion of brilliance {unknown}
 i - a potion of agility {unknown}
 o - 2 potions of haste {unknown}
Comestibles
 f - 4 bread rations
 h - 2 fruits
 j - a chunk of flesh
 n - a royal jelly


   Skills:
 - Level 4.0 Fighting
 + Level 3.8 Long Blades
 - Level 2.1 Armour
 + Level 4.1 Dodging
 - Level 3.0 Shields


You had 4 spell levels left.
You didn't know any spells.

Dungeon Overview and Level Annotations

Branches:
Dungeon (3/15)

Altars:
Hepliaklqana
Xom


Message History

You feel very mighty all of a sudden.
The orc wizard hits you but does no damage.
The orc hits you with a hand axe.
* * * LOW HITPOINT WARNING * * *
You slash the orc wizard!
You kill the orc wizard!
Your Dodging skill increases to level 4!
You feel sick.
You are no longer poisoned.
The orc wizard casts a spell at you. The puff of flame hits you!
* * * LOW HITPOINT WARNING * * *
The orc hits you but does no damage.
You closely miss the orc. The orc hits you with a hand axe.
* * * LOW HITPOINT WARNING * * *
You slash the orc wizard!
The orc wizard is severely wounded.
The orc wizard points at you and mumbles some strange words.
The puff of flame hits you!
You die...

# # #. .# #. #.# #..
.o. #..###.# #...o.o#
#.##o###.# ##+##
#...o@...# ##...##
####.###### ##.....##
##......# ##.......#
##.......###.........
#..........+.........
#........###.........
#.#.#....# ##.......#
#.#.###..# ##.....##
#.#.###..# ##...##


You could see an orc wizard and 2 orcs.

Vanquished Creatures
  An orc wizard (D:3)
  A gnoll (D:1)
  5 adders
  An ooze (D:1)
  A worm (D:2)
  A dart slug (D:2)
  3 leopard geckos
  3 ball pythons
  2 giant cockroaches
  5 goblins
  6 hobgoblins
  8 jackals (D:1)
  7 bats
  2 frilled lizards
  3 kobolds (D:1)
  2 rats (D:1)
51 creatures vanquished.

Notes
Turn   | Place    | Note
-------+----------+-------------------------------------------
     0 | D:1      | Kloppie the Merfolk Fighter began the quest for the Orb.
     0 | D:1      | Reached XP level 1. HP: 18/18 MP: 1/1
    76 | D:1      | Reached skill level 1 in Dodging
    86 | D:1      | Reached XP level 2. HP: 23/24 MP: 2/2
   236 | D:1      | Reached XP level 3. HP: 28/29 MP: 3/3
   771 | D:2      | Reached XP level 4. HP: 30/37 MP: 4/4
  1405 | D:2      | Found a hazy altar of Hepliaklqana.
  1406 | D:2      | Found a shimmering altar of Xom.
  1406 | D:2      | Noticed a bullfrog
  1407 | D:2      | Noticed a bullfrog
  1407 | D:2      | Noticed a spectral ugly thing
  1601 | D:3      | Reached XP level 5. HP: 40/42 MP: 5/5
  1615 | D:3      | Killed from afar by an orc wizard

Skill      XL: |  1  2  3  4  5 |
---------------+----------------+-----
Dodging        | 1 2 3 4 |  4.1
Long Blades    | 3 |  3.8
Fighting       | 4 |  4.0
Armour         | |  2.1
Shields        | |  3.0

Action                   |  1- 3 |  4- 6 || total
-------------------------+-------+-------++-------
Melee: Long sword        |   104 |    60 ||   164
  Use: Potion            |       |     1 ||     1
  Eat: Chunk             |       |     3 ||     3
Armor: Scale mail        |    59 |    20 ||    79
Dodge: Dodged            |    86 |    46 ||   132
       Rpst.: Long sword |    29 |    14 ||    43
